PBL
CANTON INDIANS @ SOUTHERN MARYLAND BLUE CRABS
08/19/2049
 
TOP OF THE 1ST
Canton Indians batting - Pitching for Southern Maryland Blue Crabs : LHP Jim Walker
Pitching: LHP Jim Walker
Batting: RHB Nick Rainey 0-0: Called Strike
0-1: Called Strike
0-2: Ball
1-2: Ball
2-2: Strikes out looking
Batting: RHB Oscar Hernandez 0-0: Called Strike
0-1: Ball
1-1: Ball
2-1: Called Strike
2-2: Ball
3-2: Base on Balls
Batting: SHB Bob Ledlow 0-0: Foul Ball, location: 2F
0-1: Grounds into double play, 4-6-3 (Groundball, 4, EV 90.0 MPH)
Top of the 1st over - 0 runs, 0 hits, 0 errors, 0 left on base; Canton 0 - Southern Maryland 0
BOTTOM OF THE 1ST
Southern Maryland Blue Crabs batting - Pitching for Canton Indians : RHP Yann Jarry
Pitching: RHP Yann Jarry
Batting: RHB Eddie Morin 0-0: Called Strike
0-1: Foul Ball, location: 2F
0-2: SINGLE (Groundball, 6MD, EV 100.0 MPH)
Batting: LHB Stu Proulx 0-0: Called Strike
Eddie Morin is caught stealing 2nd base 2-6
0-1: Ball
1-1: Foul Ball, location: 2F
1-2: Foul Ball, location: 2F
1-2: Ball
2-2: Ball
3-2: Fly out, F9 (Flyball, 9LS, EV 88.8 MPH)
Batting: RHB Imbart van Rens 0-0: Ball
1-0: Fly out, F9 (Flyball, 9, EV 92.5 MPH)
Bottom of the 1st over - 0 runs, 1 hit, 0 errors, 0 left on base; Canton 0 - Southern Maryland 0
TOP OF THE 2ND
Canton Indians batting - Pitching for Southern Maryland Blue Crabs : LHP Jim Walker
Batting: LHB Mark Harris 0-0: Ground out 4-3 (Groundball, 4, EV 80.6 MPH)
Batting: RHB David Haas 0-0: Ball
1-0: Ground out 5-3 (Groundball, 56S, EV 83.8 MPH)
Batting: LHB Mike Belile 0-0: Ball
1-0: Called Strike
1-1: Foul Ball, location: 2F
1-2: Strikes out swinging
Top of the 2nd over - 0 runs, 0 hits, 0 errors, 0 left on base; Canton 0 - Southern Maryland 0
BOTTOM OF THE 2ND
Southern Maryland Blue Crabs batting - Pitching for Canton Indians : RHP Yann Jarry
Batting: LHB Taylor Plummer 0-0: Ball
1-0: Ball
2-0: Called Strike
2-1: Fly out, F7 (Flyball, 7, EV 89.4 MPH)
Batting: RHB Hsui-chen Yang 0-0: Called Strike
0-1: Ball
1-1: Foul Ball, location: 2F
1-2: Strikes out swinging
Batting: RHB Oscar Chapa 0-0: Called Strike
0-1: Called Strike
0-2: Foul Ball, location: 2F
0-2: SINGLE (Groundball, 25, EV 74.4 MPH) (infield hit)
Batting: RHB Andy Valenzuela 0-0: Foul Ball, location: 2F
0-1: Ball
Oscar Chapa is caught stealing 2nd base 2-4
Bottom of the 2nd over - 0 runs, 1 hit, 0 errors, 0 left on base; Canton 0 - Southern Maryland 0
TOP OF THE 3RD
Canton Indians batting - Pitching for Southern Maryland Blue Crabs : LHP Jim Walker
Batting: RHB Giuliano Giacoletti Jr. 0-0: Ball
1-0: Called Strike
1-1: Swinging Strike
1-2: Strikes out swinging
Batting: RHB Jesus Sanchez 0-0: Ball
1-0: Ball
2-0: Called Strike
2-1: Called Strike
2-2: Strikes out looking
Batting: SHB Jose Abreu 0-0: Called Strike
0-1: Foul Ball, location: 2F
0-2: Foul Ball, location: 2F
0-2: Ball
1-2: Ball
2-2: Ground out 5-3 (Groundball, 56S, EV 74.4 MPH)
Top of the 3rd over - 0 runs, 0 hits, 0 errors, 0 left on base; Canton 0 - Southern Maryland 0
BOTTOM OF THE 3RD
Southern Maryland Blue Crabs batting - Pitching for Canton Indians : RHP Yann Jarry
Batting: RHB Andy Valenzuela 0-0: Ball
1-0: Ball
2-0: Swinging Strike
2-1: Fly out, F7 (Flyball, 7D, EV 90.6 MPH)
Batting: RHB John Lowe 0-0: Called Strike
0-1: Ball
1-1: Fly out, F6 (Popup, 6M, EV 58.8 MPH)
Batting: RHB Adam Cooper 0-0: Swinging Strike
0-1: Called Strike
0-2: Ball
1-2: Fly out, F8 (Flyball, 8RD, EV 78.1 MPH)
Bottom of the 3rd over - 0 runs, 0 hits, 0 errors, 0 left on base; Canton 0 - Southern Maryland 0
TOP OF THE 4TH
Canton Indians batting - Pitching for Southern Maryland Blue Crabs : LHP Jim Walker
Batting: RHB Nick Rainey 0-0: SINGLE (Groundball, 6M, EV 113.1 MPH) (infield hit)
Batting: RHB Oscar Hernandez 0-0: Called Strike
0-1: Called Strike
0-2: Strikes out swinging
Batting: SHB Bob Ledlow 0-0: Ball
Nick Rainey is caught stealing 2nd base 2-4
1-0: Ball
2-0: Fly out, F8 (Flyball, 8RS, EV 75.6 MPH)
Top of the 4th over - 0 runs, 1 hit, 0 errors, 0 left on base; Canton 0 - Southern Maryland 0
BOTTOM OF THE 4TH
Southern Maryland Blue Crabs batting - Pitching for Canton Indians : RHP Yann Jarry
Batting: RHB Eddie Morin 0-0: Ground out 6-3 (Groundball, 6, EV 103.8 MPH)
Batting: LHB Stu Proulx 0-0: Called Strike
0-1: Fly out, F7 (Line Drive, 7, EV 87.5 MPH)
Batting: RHB Imbart van Rens 0-0: Ball
1-0: Ball
2-0: Ball
3-0: Foul Ball, location: 2F
3-1: Foul Ball, location: 2F
3-2: Base on Balls
Batting: LHB Taylor Plummer 0-0: Fly out, F7 (Flyball, 7, EV 80.6 MPH)
Bottom of the 4th over - 0 runs, 0 hits, 0 errors, 1 left on base; Canton 0 - Southern Maryland 0
TOP OF THE 5TH
Canton Indians batting - Pitching for Southern Maryland Blue Crabs : LHP Jim Walker
Batting: LHB Mark Harris 0-0: Fly out, F5 (Line Drive, 56, EV 68.8 MPH)
Batting: RHB David Haas 0-0: Ball
1-0: Ball
2-0: SINGLE (Line Drive, 6D, EV 95.0 MPH)
Batting: LHB Mike Belile 0-0: Ball
1-0: Fly out, F8 (Flyball, 8RD, EV 88.1 MPH)
Batting: RHB Giuliano Giacoletti Jr. 0-0: Called Strike
0-1: Fly out, F9 (Flyball, 9, EV 87.5 MPH)
Top of the 5th over - 0 runs, 1 hit, 0 errors, 1 left on base; Canton 0 - Southern Maryland 0
BOTTOM OF THE 5TH
Southern Maryland Blue Crabs batting - Pitching for Canton Indians : RHP Yann Jarry
Batting: RHB Hsui-chen Yang 0-0: Ball
1-0: Reached on error, E3 (Groundball, 34, EV 88.8 MPH)
Batting: RHB Oscar Chapa 0-0: Ball
1-0: Ground out 6-3 (Groundball, 6D, EV 103.1 MPH)
Batting: RHB Andy Valenzuela 0-0: Foul Ball, location: 2F
0-1: Foul Ball, location: 2F
0-2: Foul Ball, location: 2F
0-2: Ball
1-2: Ball
2-2: Strikes out swinging
Batting: RHB John Lowe 0-0: Fly out, F9 (Flyball, 9, EV 75.0 MPH)
Bottom of the 5th over - 0 runs, 0 hits, 1 error, 1 left on base; Canton 0 - Southern Maryland 0
TOP OF THE 6TH
Canton Indians batting - Pitching for Southern Maryland Blue Crabs : LHP Jim Walker
Batting: RHB Jesus Sanchez 0-0: Fly out, F9 (Flyball, 9S, EV 75.0 MPH)
Batting: SHB Jose Abreu 0-0: Foul Ball, location: 2F
0-1: Ball
1-1: Foul Ball, location: 2F
1-2: Strikes out swinging
Batting: RHB Nick Rainey 0-0: Ball
1-0: Foul Ball, location: 2F
1-1: Ball
2-1: Called Strike
2-2: Ball
3-2: Base on Balls
Batting: RHB Oscar Hernandez 0-0: Foul Ball, location: 2F
0-1: Ball
1-1: Ball
2-1: Swinging Strike
2-2: Strikes out swinging
Top of the 6th over - 0 runs, 0 hits, 0 errors, 1 left on base; Canton 0 - Southern Maryland 0
BOTTOM OF THE 6TH
Southern Maryland Blue Crabs batting - Pitching for Canton Indians : RHP Yann Jarry
Batting: RHB Adam Cooper 0-0: Called Strike
0-1: Ball
1-1: Ball
2-1: Swinging Strike
2-2: Strikes out looking
Batting: RHB Eddie Morin 0-0: Ball
1-0: Foul Ball, location: 2F
1-1: Foul Ball, location: 2F
1-2: Fly out, F9 (Flyball, 9, EV 72.5 MPH)
Batting: LHB Stu Proulx 0-0: Swinging Strike
0-1: Ball
1-1: Called Strike
1-2: SINGLE (Flyball, 8RS, EV 95.0 MPH)
Batting: RHB Imbart van Rens 0-0: Called Strike
0-1: Swinging Strike
0-2: Foul Ball, location: 2F
0-2: Fly out, F8 (Line Drive, 8LD, EV 103.8 MPH)
Bottom of the 6th over - 0 runs, 1 hit, 0 errors, 1 left on base; Canton 0 - Southern Maryland 0
TOP OF THE 7TH
Canton Indians batting - Pitching for Southern Maryland Blue Crabs : LHP Jim Walker
Batting: SHB Bob Ledlow 0-0: Hit by Pitch
Batting: LHB Mark Harris 0-0: Ball
1-0: Swinging Strike
1-1: Swinging Strike
1-2: Strikes out swinging
Batting: RHB David Haas 0-0: Called Strike
0-1: Called Strike
0-2: Ball
1-2: Foul Ball, location: 2F
1-2: Strikes out swinging
Batting: LHB Mike Belile 0-0: Swinging Strike
0-1: Foul Ball, location: 2F
0-2: Ball
1-2: Strikes out looking
Top of the 7th over - 0 runs, 0 hits, 0 errors, 1 left on base; Canton 0 - Southern Maryland 0
BOTTOM OF THE 7TH
Southern Maryland Blue Crabs batting - Pitching for Canton Indians : RHP Yann Jarry
Batting: LHB Taylor Plummer 0-0: Ball
1-0: Ball
2-0: Ball
3-0: Called Strike
3-1: Reached on error, E3 (Groundball, 34S, EV 66.2 MPH)
Pitching: RHP Andrew Kennedy
Batting: RHB Hsui-chen Yang 0-0: Ball
1-0: SINGLE (Groundball, 34D, EV 98.1 MPH)
Taylor Plummer to second
Pinch Hitting: RHB Mike Trueblood 0-0: Ball
1-0: Ball
2-0: Ball
3-0: Base on Balls
Taylor Plummer to third
Hsui-chen Yang to second
Pinch Hitting: RHB Josh Kurth 0-0: Called Strike
0-1: SINGLE (Groundball, 5, EV 106.9 MPH) (infield hit)
Taylor Plummer scores
Hsui-chen Yang to third
Mike Trueblood to second
Batting: RHB John Lowe 0-0: Called Strike
0-1: Ball
1-1: Ball
2-1: Ball
3-1: Called Strike
3-2: Strikes out swinging
Batting: RHB Adam Cooper 0-0: Ball
1-0: Ball
2-0: Called Strike
2-1: Fly out, F9 (Flyball, 9, EV 88.8 MPH)
Batting: RHB Eddie Morin 0-0: Called Strike
0-1: Ball
1-1: SINGLE (Line Drive, 8RS, EV 92.5 MPH)
Hsui-chen Yang scores
Mike Trueblood to third
Josh Kurth to second
Runner from 3rd tries for Home, SAFE, throw by CF to home
Batting: LHB Stu Proulx 0-0: TRIPLE (Flyball, 7D, EV 106.9 MPH)
Josh Kurth scores
Eddie Morin scores
Pitching: RHP Sam Belcher
Batting: RHB Imbart van Rens 0-0: Ball
1-0: DOUBLE (Flyball, 89D, EV 96.2 MPH)
Stu Proulx scores
Batting: LHB Taylor Plummer 0-0: Called Strike
0-1: Ball
1-1: Called Strike
1-2: Ball
2-2: DOUBLE (Line Drive, 78D, EV 100.0 MPH)
Imbart van Rens scores
Batting: RHB Hsui-chen Yang 0-0: Ball
1-0: Foul Ball, location: 2F
1-1: Fly out, F7 (Flyball, 7LM, EV 102.5 MPH)
Bottom of the 7th over - 7 runs, 6 hits, 1 error, 1 left on base; Canton 0 - Southern Maryland 7
TOP OF THE 8TH
Canton Indians batting - Pitching for Southern Maryland Blue Crabs : LHP Jim Walker
Now at 2B: Mike Trueblood
Now at 3B: Imbart van Rens
Now in RF: Tyler Hawkins
Batting: RHB Giuliano Giacoletti Jr. 0-0: Swinging Strike
0-1: Swinging Strike
0-2: SINGLE (Groundball, 6MD, EV 97.5 MPH)
Batting: RHB Jesus Sanchez 0-0: Ball
1-0: Ball
2-0: Called Strike
2-1: Ball
3-1: Base on Balls
Giuliano Giacoletti Jr. to second
Batting: SHB Jose Abreu 0-0: Foul Ball, location: 2F
0-1: Ball
1-1: Swinging Strike
1-2: Ball
2-2: Foul Ball, location: 2F
2-2: Grounds into double play, 5-4-3 (Groundball, 56S, EV 86.9 MPH)
Giuliano Giacoletti Jr. to third
Batting: RHB Nick Rainey 0-0: Swinging Strike
0-1: Ball
1-1: Ball
2-1: Fly out, F7 (Flyball, 7S, EV 90.0 MPH)
Top of the 8th over - 0 runs, 1 hit, 0 errors, 1 left on base; Canton 0 - Southern Maryland 7
BOTTOM OF THE 8TH
Southern Maryland Blue Crabs batting - Pitching for Canton Indians : RHP Sam Belcher
Pinch Hitting: RHB Kyle Beeks 0-0: Ball
1-0: Fly out, F8 (Flyball, 8LD, EV 85.6 MPH)
Batting: RHB Tyler Hawkins 0-0: Called Strike
0-1: Ball
1-1: Ball
2-1: Foul Ball, location: 2F
2-2: Foul Ball, location: 2F
2-2: SINGLE (Groundball, 4MD, EV 98.8 MPH)
Batting: RHB John Lowe 0-0: Ball
1-0: Ball
2-0: Ball
3-0: Base on Balls
Tyler Hawkins to second
Batting: RHB Adam Cooper 0-0: Called Strike
0-1: Foul Ball, location: 2F
0-2: Fly out, F9 (Flyball, 9LS, EV 75.6 MPH)
Batting: RHB Eddie Morin 0-0: Called Strike
0-1: Swinging Strike
0-2: Fielders Choice at 2nd, 5-4 (Groundball, 5, EV 101.9 MPH)
Bottom of the 8th over - 0 runs, 1 hit, 0 errors, 2 left on base; Canton 0 - Southern Maryland 7
TOP OF THE 9TH
Canton Indians batting - Pitching for Southern Maryland Blue Crabs : LHP Jim Walker
Now at 2B: Eddie Morin
Now at SS: Kyle Beeks
Pinch Hitting: LHB Dorian Oram 0-0: Foul Ball, location: 2F
0-1: SINGLE (Groundball, 6MD, EV 75.6 MPH) (infield hit)
Batting: RHB Jose Lebron 0-0: Fly out, F8 (Flyball, 78M, EV 83.8 MPH)
Pinch Hitting: RHB Joe Bauer 0-0: Called Strike
0-1: Called Strike
0-2: Ball
1-2: Ball
2-2: Foul Ball, location: 2F
2-2: Foul Ball, location: 2F
2-2: Strikes out swinging
Batting: RHB David Haas 0-0: Foul Ball, location: 2F
0-1: Ball
1-1: Fly out, F9 (Flyball, 9LM, EV 79.4 MPH)
Top of the 9th over - 0 runs, 1 hit, 0 errors, 1 left on base; Canton 0 - Southern Maryland 7
Sunday, July 16th , 2023 - OOTP Baseball 24.6 Build 69